 Dungeon Crawl Stone Soup version 0.24.0-125-gc4c63601f3 (webtiles) character file.

Game seed: 13883330073499075669, levelgen mode: deterministic

611 Edgeworth the Chopper (level 7, -16/61 HPs)
             Began as a Hill Orc Fighter on Mar 4, 2020.
             Was a Follower of Okawaru.
             Demolished by an orc warrior
             ... wielding a +0 great sword
              (22 damage)
             ... on level 5 of the Dungeon.
             The game lasted 00:08:46 (3223 turns).

Edgeworth the Chopper (Hill Orc Fighter)            Turns: 3223, Time: 00:08:47

Health: -16/61     AC: 12    Str: 19    XL:     7   Next: 44%
Magic:  6/7        EV:  7    Int: 10    God:    Okawaru [*.....]
Gold:   203        SH:  9    Dex: 10    Spells: 6/6 levels left

rFire    + . .     SeeInvis .   a - +0 war axe
rCold    + . .     Gourm    .   d - +0 shield
rNeg     . . .     Faith    +   b - +0 scale mail
rPois    +         Spirit   .   (helmet restricted)
rElec    +         Reflect  .   (no cloak)
rCorr    +         Harm     .   (no gloves)
MR       .....                  o - +0 pair of boots
Stlth    ..........             t - amulet of faith
HPRegen  0.20/turn              q - +4 ring of protection
MPRegen  0.10/turn              (no ring)

@: resistant, hasted, very quick
A: horns 1, clever 1, weak 1, wild magic 1
a: Heroism, Renounce Religion


You were on level 5 of the Dungeon.
You worshipped Okawaru.
Okawaru was aware of your devotion.
You were not hungry.

You visited 1 branch of the dungeon, and saw 5 of its levels.

You collected 203 gold pieces.

Inventory:

Hand Weapons
 a - a +0 war axe (weapon)
Armour
 b - a +0 scale mail (worn)
 d - a +0 shield (worn)
 o - a +0 pair of boots (worn)
Jewellery
 q - a +4 ring of protection (left hand)
 r - an uncursed amulet of the acrobat
 t - an amulet of faith (around neck)
Scrolls
 h - a scroll of random uselessness {unknown}
 i - 4 scrolls of remove curse {unknown}
 m - 2 scrolls of magic mapping {unknown}
 n - 4 scrolls of identify {unknown}
 p - a scroll of teleportation {unknown}
 v - a scroll of amnesia {unknown}
Potions
 g - a potion of ambrosia {unknown}
 j - a potion of haste
 k - a potion of degeneration {unknown}
 l - a potion of heal wounds {unknown}
 s - a potion of brilliance {unknown}
 u - a potion of cancellation {unknown}
Comestibles
 f - 8 rations
 w - a chunk of flesh


   Skills:
 + Level 5.3 Fighting
 + Level 7.4 Axes
 + Level 4.7 Armour
 + Level 4.9 Shields


You had 6 spell levels left.
You didn't know any spells.
Your spell library contained the following spells:

 Spells                   Type           Power        Failure   Level  Hunger
 Beastly Appendage        Tmut           #.....       99%         1    ##.....
 Sticks to Snakes         Tmut           #.......     100%        2    ###....
 Spider Form              Tmut/Pois      #.........   100%        3    ####...
 Ice Form                 Ice/Tmut       #.......     100%        4    #####..
 Blade Hands              Tmut           #.........   100%        5    ######.


Dungeon Overview and Level Annotations

Branches:
Dungeon (5/15)
 Temple: D:4-7

Altars:
Ashenzari
Nemelex Xobeh
Okawaru
Trog
Uskayaw

Annotations:
D:5 Blork the orc, Eustachio


Innate Abilities, Weirdness & Mutations

You have a pair of small horns on your head.
Your mind is acute. (Int +2)
You are weak. (Str -2)
Your spells are a little harder to cast, but a little more powerful.


Message History

You block the gnoll sergeant's attack. Eustachio hits you with a +0 rapier.
* * * LOW HITPOINT WARNING * * *
The bat hits you but does no damage. You block the orc warrior's attack.
Something hits you!
* * * LOW HITPOINT WARNING * * *
The gnoll sergeant barely misses you.
It was a potion of haste.
You feel yourself speed up. The bat hits you but does no damage.
You block the bat's attack. Eustachio hits you but does no damage.
The bat hits you but does no damage. Something hits you but does no damage.
You block the orc warrior's attack.
It was a potion of resistance.
You feel protected. The bat closely misses you.
You block the gnoll sergeant's attack. Eustachio completely misses you.
It was a potion of mutation.
You feel extremely strange.
You feel clever.
You feel weaker.
You feel less in control of your magic. A pair of horns grows on your head!
The bat hits you but does no damage.
The orc warrior hits you with a +0 great sword!!
You die...

#... #.. #..# . #..#
#..# #####..##
#...#...#.....#
##+##...#...#.....#
#.b@@...#...#.....#
.#...o...'...#.....#
....)..g{..#...#.....#
..........####.#.....#+#
....###...####.##.......
....#)#.........'.......
....###.........#.......
................#.......
..............#.......


You could see Eustachio, an orc warrior, a gnoll sergeant and a bat.

Vanquished Creatures
  Purgy (D:3)
  An ogre (D:4)
  A crimson imp (D:5)
  A bullfrog skeleton (D:4)
  A centaur skeleton (D:4)
  3 orc wizards
  Jessica (D:3)
  A worker ant (D:4)
  A hound skeleton (D:4)
  A gnoll (D:1)
  8 adders
  2 worms (D:4)
  A dart slug (D:1)
  2 leopard geckos
  9 orcs
  2 ball pythons
  6 bats
  6 giant cockroaches
  7 goblins
  6 hobgoblins
  8 jackals
  7 kobolds
  6 quokkas
  6 frilled lizards
  A quokka skeleton (D:5)
  7 rats
96 creatures vanquished.

Notes
Turn   | Place    | Note
-------+----------+-------------------------------------------
     0 | D:1      | Edgeworth the Hill Orc Fighter began the quest for the Orb.
     0 | D:1      | Reached XP level 1. HP: 19/19 MP: 1/1
    81 | D:1      | Reached skill level 3 in Axes
    81 | D:1      | Reached XP level 2. HP: 16/27 MP: 2/2
   160 | D:1      | Reached XP level 3. HP: 13/33 MP: 3/3
   681 | D:2      | Reached skill level 4 in Axes
   697 | D:2      | Reached XP level 4. HP: 36/40 MP: 4/4
   771 | D:2      | Found a bloodstained altar of Trog.
   980 | D:2      | Found a sparkling altar of Nemelex Xobeh.
  1195 | D:3      | Noticed Jessica
  1206 | D:3      | Killed Jessica
  1206 | D:3      | Reached skill level 5 in Axes
  1206 | D:3      | Reached XP level 5. HP: 45/47 MP: 5/5
  1209 | D:3      | Found an iron altar of Okawaru.
  1290 | D:3      | Became a worshipper of Warmaster Okawaru
  1770 | D:3      | Noticed Purgy
  1790 | D:3      | Killed Purgy
  1790 | D:3      | Reached XP level 6. HP: 23/53 MP: 6/6
  2080 | D:4      | Found a shattered altar of Ashenzari.
  2155 | D:4      | Reached skill level 6 in Axes
  2301 | D:4      | Noticed a +0 dagger
  2302 | D:4      | Noticed a +0 hand axe
  2303 | D:4      | Found a hide-covered altar of Uskayaw.
  2305 | D:4      | Reached skill level 5 in Fighting
  2359 | D:4      | Reached XP level 7. HP: 9/61 MP: 7/7
  2889 | D:4      | Reached skill level 7 in Axes
  2964 | D:4      | Reached * piety under Okawaru
  3019 | D:5      | Entered Level 5 of the Dungeon
  3200 | D:5      | Noticed Eustachio
  3201 | D:5      | Noticed Blork the orc
  3223 | D:5      | Gained mutation: Your mind is acute. (Int +2) [potion of
                  | mutation]
  3223 | D:5      | Gained mutation: You are weak. (Str -2) [potion of
                  | mutation]
  3223 | D:5      | Gained mutation: Your spells are a little harder to cast,
                  | but a little more powerful. [potion of mutation]
  3223 | D:5      | Gained mutation: You have a pair of small horns on your
                  | head. [potion of mutation]
  3223 | D:5      | Demolished by an orc warrior

Levels and vault maps discovered:
D:1:      dpeg_arrival_pits, layout_basic
D:2:      layout_rooms, nicolae_overflow_hidden_temple, kennysheep_cross_room,
          nemelex_lonely_heart_becter
D:3:      layout_basic, lemuel_altar_in_water, uniq_jessica, uniq_purgy
D:4:      layout_loops_cross, dancing_weapons_uskayaw, lemuel_doored_altar,
          first_ration
D:5:      layout_gridville, lemuel_round_altar, st_stairs_7,
          grunt_decor_one_mirror, grunt_ministairs_12, sword_in_stone

Skill      XL: |  1  2  3  4  5  6  7 |
---------------+----------------------+-----
Axes           | 3 4 5 6 7 |  7.4
Fighting       | 4 5 |  5.3
Armour         | 4 |  4.7
Shields        | 4 |  4.9

Action                   |  1- 3 |  4- 6 |  7- 9 || total
-------------------------+-------+-------+-------++-------
Melee: War axe           |    76 |   205 |    82 ||   363
Invok: Heroism           |       |       |     1 ||     1
  Use: Potion            |       |     1 |     3 ||     4
  Eat: Chunk             |       |     5 |     3 ||     8
Armor: Scale mail        |    41 |   115 |    52 ||   208
Dodge: Dodged            |    25 |    91 |    37 ||   153
Block: Shield            |    45 |   125 |    59 ||   229
